[Event "*** Titled Tuesday Blitz"]
[Site "Chess.com"]
[Date "2020.11.10"]
[Round "3"]
[White "pooh2012"]
[Black "MoreChessJulia"]
[Result "1-0"]
[WhiteElo "2483"]
[BlackElo "2088"]
[TimeControl "180+1"]
[EndTime "10:31:27 PST"]
[Termination "pooh2012 won by resignation"]

1. d4 g6 2. h4 h5 3. Nc3 Bg7 4. Bf4 d6 5. Nf3 b6 6. e3 Bb7 7. Bc4 Nd7 8. a4 e5 9. Bg3 Ne7 10. a5 a6 11. axb6 cxb6 12. dxe5 dxe5 13. Ng5 O-O 14. e4 b5 15. Ba2 Nc5 16. Qe2 b4 17.
Nd1 b3 18. Bxb3 Nxb3 19. cxb3 Nc6 20. Nf3 Re8 21. O-O Nd4 22. Nxd4 exd4 23. f3 d3 24.
Qd2 Qd4+ 25. Bf2 Qf6 26. Qxd3 Rad8 27. Qe2 Qf4 28. Qe3 Qe5 29. Nc3 f5 30. Qb6 Re7 31. Qxd8+ Kh7 32. Rae1 f4 33. Rd1 g5 34. Rd7 Bf6 35.
hxg5 Bxg5 36. Rxe7+ Bxe7 37. Qd7 Kg6 38. Qxb7 1-0

[Event "*** Titled Tuesday Blitz"]
[Site "Chess.com"]
[Date "2020.11.10"]
[Round "3"]
[White "nakajo"]
[Black "ajedrezhoy"]
[Result "1-0"]
[WhiteElo "2449"]
[BlackElo "2225"]
[TimeControl "180+1"]
[EndTime "10:31:27 PST"]
[Termination "nakajo won on time"]

1. d4 Nf6 2. Nf3 c5 3. d5 b5 4. c4 g6 5. cxb5 Bg7 6. Nc3 e6 7. dxe6 fxe6 8. Qd6 Qe7 9. Bf4 Bb7 10. Rd1 Qxd6 11. Bxd6 Nd5 12. Be5 Bxe5 13. Nxe5 Nxc3 14. bxc3 a6 15. Nc4 Ke7 16. b6 Bd5 17. e3 Nc6 18.
b7 Rab8 19. Nb6 Rxb7 20. Nxd5+ exd5 21. Rxd5 d6 22. Bxa6 Rb1+ 23. Rd1 Rb2 24. Bc4 Ne5 25. Bd5 Rc2 26. O-O Rxc3 27. Rb1 Rd8 28. Rfd1 Ra3 29. h3 Rd7 30. Rb8 Rda7 31. Rh8 Kf6 32. f4 1-0

[Event "*** Titled Tuesday Blitz"]
[Site "Chess.com"]
[Date "2020.11.10"]
[Round "3"]
[White "Sofiia_Hryzlova"]
[Black "BAS8892"]
[Result "0-1"]
[WhiteElo "2302"]
[BlackElo "2726"]
[TimeControl "180+1"]
[EndTime "10:31:28 PST"]
[Termination "BAS8892 won on time"]

1. c4 Nf6 2. Nc3 g6 3. e4 d6 4.
d4 Bg7 5. h3 Nbd7 6. Be3 e5 7.
d5 Nc5 8. Qc2 a5 9. g4 O-O 10.
Nge2 c6 11. Ng3 cxd5 12. cxd5 Bd7 13. a4 Ne8 14. Be2 Nc7 15. h4 N7a6 16. h5 Nb4 17. Qd1 Rc8 18. Ra3 Bf6 19. Qd2 Re8 20. Kf1 Bg7 21. Bh6 Bf6 22. hxg6 hxg6 23. Nd1 Qe7 24. Be3 Nxa4 25. Nf5 Bxf5 26. gxf5 Rc2 27. Qe1 Nc5 28. Bxc5 dxc5 29. Rg3 Kg7 30. Bh5 g5 31.
Rgh3 Rh8 32. Qe3 c4 33. Qg3 Nd3 34. Kg2 Qc5 35. Bg4 Rxh3 36. Bxh3 Nf4+ 37. Kh2 Qd4 38. Bg4 Qxe4 39. Bf3 Qxf5 40. Rg1 Qh7+ 0-1

[Event "*** Titled Tuesday Blitz"]
[Site "Chess.com"]
[Date "2020.11.10"]
[Round "3"]
[White "lilleper1"]
[Black "olksuna"]
[Result "0-1"]
[WhiteElo "2828"]
[BlackElo "2630"]
[TimeControl "180+1"]
[EndTime "10:31:29 PST"]
[Termination "olksuna won by checkmate"]

1. d4 Nf6 2. Nf3 d5 3. c4 e6 4. g3 Bb4+ 5. Bd2 Be7 6. Bg2 O-O 7. Qc2 Nbd7 8. h4 c6 9. Nc3 b6 10. e4 dxe4 11. Nxe4 Bb7 12. Nxf6+ Nxf6 13. O-O-O c5 14.
d5 exd5 15. Ng5 h6 16. Bc3 g6 17. cxd5 hxg5 18. hxg5 Nh5 19. d6 Bxg5+ 20. f4 Bxg2 21. Qxg2 Bf6 22. g4 Bxc3 23. gxh5 Bg7 24. hxg6 fxg6 25.
d7 Qf6 26. Qd5+ Qf7 27. Qg5 Rad8 28. Kb1 Qxf4 29. Qd5+ Qf7 30. Qc6 Qf6 31. Qd5+ Rf7 32. Rhf1 Qxb2# 0-1

[Event "*** Titled Tuesday Blitz"]
[Site "Chess.com"]
[Date "2020.11.10"]
[Round "3"]
[White "SaqoChess_Twitch"]
[Black "IwkooO"]
[Result "1-0"]
[WhiteElo "2424"]
[BlackElo "2613"]
[TimeControl "180+1"]
[EndTime "10:31:29 PST"]
[Termination "SaqoChess_Twitch won by resignation"]

1. d4 Nf6 2. c4 e6 3. Nc3 Bb4 4. a3 Bxc3+ 5. bxc3 c5 6. e3 Nc6 7. Bd3 b6 8. Ne2 O-O 9. O-O Ba6 10. e4 d6 11. f4 Na5 12. e5 Ne8 13. Ng3 g6 14. f5 exf5 15. Nxf5 Bxc4 16. Bxc4 Nxc4 17.
Qg4 dxe5 18. Bg5 f6 19. dxc5 Nb2 20. Bh6 Rf7 21. Be3 Qd7 22. Nh6+ Kg7 23. Qe2 Qd3 24. Qxd3 Nxd3 25. Nxf7 Kxf7 26. cxb6 axb6 27. Bxb6 Ra6 28. Be3 Nd6 29. Rfb1 Nc4 30. Rb7+ Ke6 31. Bc1 h5 32. a4 e4 33. Rc7 Kd5 34. Rd7+ Ke6 35. Rd4 Nd6 36. Ba3 f5 37. Bxd6 Rxd6 38. Rxd6+ Kxd6 39. a5 Kc7 40. a6 Kb8 41. a7+ Ka8 42. c4 e3 43. Kf1 f4 44. Ke2 Ne5 45. c5 Nc6 46. h4 Nd4+ 47. Kd3 Nc6 48. Ke4 Nb4 49. Kxf4 e2 50. c6 Nxc6 51. Ke3 Ne5 52. Kxe2 Nc4 53. Kf3 Nd6 54. Kf4 Nf5 55. Kg5 Ne3 56. g3 Nf5 57. Ra3 Nd4 58. Kxg6 Nb5 59. Ra5 1-0

[Event "*** Titled Tuesday Blitz"]
[Site "Chess.com"]
[Date "2020.11.10"]
[Round "3"]
[White "petrkostenko"]
[Black "amintabatabaei"]
[Result "0-1"]
[WhiteElo "2465"]
[BlackElo "2923"]
[TimeControl "180+1"]
[EndTime "10:31:30 PST"]
[Termination "amintabatabaei won by resignation"]

1. c4 g6 2. g3 Bg7 3. Bg2 Nf6 4. Nc3 O-O 5. e4 d6 6. Nge2 e5 7. d3 Nfd7 8. O-O Nc5 9. Be3 Nc6 10. Qd2 Ne6 11. f4 Ned4 12. Rab1 a6 13. a4 Bg4 14. b4 Qd7 15. b5 axb5 16. axb5 Ne7 17. Bf2 Nf3+ 18. Bxf3 Bxf3 19. Be3 Bg4 20. Nd5 Nxd5 21.
cxd5 f5 22. Nc3 exf4 23. gxf4 fxe4 24. dxe4 Ra3 25. Bd4 Bxd4+ 26. Qxd4 Bh3 27. Rf3 Qg4+ 28. Rg3 Qh4 29. Ne2 Ra2 30. Qe3 Bg4 31. Re1 Rxe2 32. Rxe2 Bxe2 33. Qxe2 Qxf4 34. Rc3 Re8 35. Rxc7 Rxe4 36.
Qd1 Re5 37. Rxb7 Rg5+ 0-1

[Event "*** Titled Tuesday Blitz"]
[Site "Chess.com"]
[Date "2020.11.10"]
[Round "3"]
[White "karwowskikacper"]
[Black "esapunov"]
[Result "0-1"]
[WhiteElo "2436"]
[BlackElo "2701"]
[TimeControl "180+1"]
[EndTime "10:31:30 PST"]
[Termination "esapunov won on time"]

1. Nf3 Nf6 2. g3 g6 3. Bg2 Bg7 4. O-O O-O 5. d4 d6 6. c4 Nc6 7.
Nc3 Bf5 8. b3 Ne4 9. Bb2 Nxc3 10. Bxc3 Be4 11. Ne1 Bxg2 12. Nxg2 e6 13. Qd2 d5 14.
Rad1 Re8 15. Rfe1 Ne7 16. e4 dxe4 17. Rxe4 c6 18. Nf4 Qd7 19. h4 Rad8 20. h5 Nf5 21. hxg6 hxg6 22. d5 cxd5 23. cxd5 e5 24. Ng2 Qb5 25. Rb4 Qa6 26. Ra4 Qb6 27. Rb4 Qc7 28. Rc4 Qd7 29. Ne3 Nd4 30. Bxd4 exd4 31. Rxd4 Bxd4 32. Qxd4 f5 33. Kg2 b6 34. Rh1 Qg7 35. Qxg7+ Kxg7 36. Rd1 Rd7 37. Kf3 Kf6 38. Rc1 Red8 39. Rc6+ Rd6 40. Rc7 R8d7 41. Rc8 Re7 42. Ra8 b5 43. b4 Ke5 44. Rc8 Kd4 45. Rc1 Red7 46. a3 Ra6 47. Ra1 Kc3 48. Ke2 Kb2 49. Rd1 Rxa3 50. d6 Ra6 51. Rd5 Rb6 52. f4 Rdxd6 0-1

[Event "*** Titled Tuesday Blitz"]
[Site "Chess.com"]
[Date "2020.11.10"]
[Round "3"]
[White "Gabrielian_Artur"]
[Black "Makswolf200817"]
[Result "1-0"]
[WhiteElo "2789"]
[BlackElo "2450"]
[TimeControl "180+1"]
[EndTime "10:31:31 PST"]
[Termination "Gabrielian_Artur won by checkmate"]

1. e4 e6 2. d3 d5 3. Qe2 dxe4 4. dxe4 c5 5. Nf3 Nc6 6. c3 Nf6 7. e5 Nd5 8. g3 Be7 9. Bg2 O-O 10. O-O Qc7 11. Re1 Rd8 12. Nbd2 b6 13. h4 a5 14. a3 Ba6 15. c4 Qd7 16. Qe4 Nc7 17.
Qg4 Rac8 18. Ne4 Ne8 19. Bg5 Bxg5 20. Nexg5 Ne7 21. Qh5 Nf5 22. Rad1 Qc7 23. Qxh7+ Kf8 24. Bh3 Bxc4 25. Qh8+ Ke7 26. Bxf5 exf5 27. Nh7 Rd3 28.
Qf8+ Kd8 29. e6 fxe6 30. Ne5 Rxd1 31. Rxd1+ Bd5 32. Ng5 Qb7 33. Nxe6# 1-0

[Event "*** Titled Tuesday Blitz"]
[Site "Chess.com"]
[Date "2020.11.10"]
[Round "3"]
[White "elisak43"]
[Black "bascheyaro"]
[Result "0-1"]
[WhiteElo "2513"]
[BlackElo "2736"]
[TimeControl "180+1"]
[EndTime "10:31:34 PST"]
[Termination "bascheyaro won by resignation"]

1. e4 e6 2. d4 d5 3. Nd2 c5 4. exd5 exd5 5. Ngf3 Nc6 6. Bb5 c4 7.
O-O Bd6 8. Ne5 Ne7 9. Ndf3 O-O 10. c3 Bf5 11. Ba4 Qc7 12. Bf4 f6 13. Nxc6 Bxf4 14. Nxe7+ Qxe7 15. Re1 Qf7 16. Qe2 a6 17. Bc2 Rae8 18.
Qd1 Bg4 19. h3 Rxe1+ 20. Qxe1 Bxf3 21. gxf3 Re8 22. Qf1 Qe6 23. Kg2 g6 24. b3 Bb8 25.
bxc4 Qd6 26. Qg1 Re2 27. c5 Qg3+ 28. Kf1 Qxg1+ 29. Kxg1 Rxc2 30. Rb1 Rxc3 31. Rxb7 Bf4 32. Kg2 Rc4 33. Rb6 Kg7 34. Rxa6 Rxd4 35. c6 Rc4 36.
Kf1 Rc2 37. Ra4 g5 38. Ra5 d4 39. Rd5 Be5 40. h4 Kg6 41. hxg5 Kxg5 42. a4 h5 43. a5 Rxc6 44. Rb5 Kf4 45. Kg2 h4 46. Rb3 Rc3 47. Rb7 Rxf3 48. a6 h3+ 49. Kf1 Ra3 50. a7 d3 51. Ke1 Bc3+ 0-1

[Event "*** Titled Tuesday Blitz"]
[Site "Chess.com"]
[Date "2020.11.10"]
[Round "3"]
[White "Happy1712Drummer"]
[Black "AwareIdea"]
[Result "1-0"]
[WhiteElo "2189"]
[BlackElo "2478"]
[TimeControl "180+1"]
[EndTime "10:31:34 PST"]
[Termination "Happy1712Drummer won by resignation"]

1. d4 d5 2. Nf3 c6 3. Bg5 Nf6 4. Bxf6 exf6 5. e3 Bd6 6. c4 O-O 7. cxd5 cxd5 8. Nc3 Be6 9. Bd3 a6 10. Rc1 Nc6 11. O-O Rc8 12. Re1 b5 13. a4 b4 14.
Ne2 Qb6 15. Nf4 Na5 16. Rxc8 Rxc8 17. Nxe6 fxe6 18. Nd2 Rc6 19. Qh5 f5 20. Qe8+ Bf8 21. Nf3 Nc4 22. b3 Na5 23. Ne5 Rc7 24. Nd7 Rxd7 25.
Qxd7 Nxb3 26. g3 Nd2 27. Rc1 b3 28. Rc7 Qb4 29. Qf7+ Kh8 30. Rc8 Nf3+ 31. Kf1 h6 32.
Rxf8+ Kh7 33. Rg8 Qe1+ 34. Kg2 Qg1+ 35. Kxf3 Qh1+ 36. Ke2 1-0

[Event "*** Titled Tuesday Blitz"]
[Site "Chess.com"]
[Date "2020.11.10"]
[Round "3"]
[White "lefonghua"]
[Black "GigaQuparadze"]
[Result "0-1"]
[WhiteElo "2466"]
[BlackElo "2741"]
[TimeControl "180+1"]
[EndTime "10:31:35 PST"]
[Termination "GigaQuparadze won by resignation"]

1. d4 Nf6 2. c4 e6 3. Nc3 Bb4 4. f3 O-O 5. a3 Bxc3+ 6. bxc3 d5 7. cxd5 exd5 8. e3 c5 9. Bd3 b6 10. Ne2 Ba6 11. O-O Bxd3 12. Qxd3 Nc6 13. Ng3 Re8 14. Bb2 h5 15. Rae1 Qd7 16. e4 h4 17. Nf5 h3 18. g3 dxe4 19. fxe4 Ne5 20. Qe2 Ng6 21. e5 cxd4 22. cxd4 Qd5 23. Nxg7 Kxg7 24. Rxf6 Rac8 25. Ref1 Rc7 26. Qf3 Qxf3 27. R6xf3 Kg8 28. g4 Rc2 29. R1f2 Rec8 30. Rxf7 Rxb2 31. Rxb2 Kxf7 32. Rb3 Rd8 33. Rxh3 Rxd4 34. Rh7+ Ke6 35. Rxa7 Rxg4+ 36. Kf2 Nxe5 37. Rb7 Nd7 38. Ra7 Rh4 39. Kg3 Rc4 40. h4 Rc3+ 41. Kg4 Nf6+ 42. Kg5 Rg3+ 43. Kh6 Kf5 44. Rg7 Rh3 45. Rg5+ Ke6 46. Rb5 Rxh4+ 47. Kg6 Rg4+ 48. Kh6 Nd7 49. Kh5 Ra4 50. Rb3 Kd6 51. Kg5 Kc6 52. Kf5 Nc5 53. Rc3 Kd5 54.
Rh3 b5 55. Rg3 Kc4 56. Ke5 Nd3+ 57. Ke4 Rxa3 58. Rg8 Nc5+ 59. Ke5 Re3+ 60. Kf4 Re6 61. Rb8 b4 62. Kf3 b3 63. Kf2 Re7 64. Kf1 Rb7 65. Rxb7 Nxb7 66. Ke2 b2 0-1

[Event "*** Titled Tuesday Blitz"]
[Site "Chess.com"]
[Date "2020.11.10"]
[Round "3"]
[White "denispopov"]
[Black "Neftegor"]
[Result "1-0"]
[WhiteElo "1811"]
[BlackElo "2457"]
[TimeControl "180+1"]
[EndTime "10:31:35 PST"]
[Termination "denispopov won by resignation"]

1. e4 e5 2. Nf3 Nc6 3. Bc4 Bc5 4. O-O d6 5. c3 Nf6 6. d4 Bb6 7. Re1 O-O 8. h3 exd4 9. cxd4 d5 10. exd5 Nxd5 11. a3 Qd6 12. Nbd2 Bf5 13. Ne4 Bxe4 14. Rxe4 Rad8 15. Bg5 f6 16. Bf4 Qd7 17. Qe2 Kh8 18. Bg3 f5 19. Ne5 Nxe5 20. Rxe5 c6 21. Bxd5 cxd5 22.
Re7 Qc6 23. Be5 Rg8 24. Qh5 Qg6 25. Qxg6 hxg6 26. Rxb7 Rc8 27. a4 Rc4 28. b3 Rb4 29. a5 Bc5 30. Rc7 Bxd4 31. Bxd4 Rxd4 32. Rxa7 Rb8 33. a6 Rdb4 34. Rd7 Rxb3 35. a7 Ra8 36. Rxd5 Kh7 37. Rd7 Kh6 38. Ra6 Kh7 39. h4 Rb4 40. g3 f4 41. Kg2 fxg3 42. fxg3 Rb2+ 43. Kh3 Rb4 44. Rc6 Ra4 45. Rcc7 Ra6 46. Rxg7+ Kh8 47. Rh7+ Kg8 48. Rcg7+ Kf8 49. Rb7 Kg8 50. Rhg7+ Kh8 51. Rgc7 Rg8 52. Rb8 1-0

[Event "*** Titled Tuesday Blitz"]
[Site "Chess.com"]
[Date "2020.11.10"]
[Round "3"]
[White "VMikhalevski"]
[Black "jefferyx"]
[Result "1/2-1/2"]
[WhiteElo "2708"]
[BlackElo "2962"]
[TimeControl "180+1"]
[EndTime "10:31:36 PST"]
[Termination "Game drawn by repetition"]

1. d4 g6 2. Nf3 Bg7 3. g3 c5 4. Bg2 cxd4 5. Nxd4 Nc6 6. Nxc6 dxc6 7. O-O Bg4 8. Nc3 Qxd1 9. Rxd1 Bxc3 10. bxc3 Bxe2 11. Re1 Bc4 12. Rb1 O-O-O 13. Bf4 Bd5 14. Bh3+ e6 15. Be5 f6 16. Bd4 b6 17. Bxe6+ Bxe6 18. Rxe6 c5 19. Bxf6 Nxf6 20. Rxf6 Rd7 21. Re1 Rhd8 22. Kf1 Kb7 23. h4 Ka6 24. h5 gxh5 25. Rh6 Ka5 26.
Rxh5 Ka4 27. Kg2 Ka3 28. Reh1 Kxa2 29. Rxh7 Kb2 30. g4 a5 31. R1h6 Rxh7 32. Rxh7 a4 33. Rb7 Rd6 34. g5 a3 35. f4 Kxc3 36. Ra7 Kb2 37. Kf3 a2 38. f5 b5 39. f6 Rd5 40.
Kg4 Rd4+ 41. Kh5 Ra4 42. Rxa4 bxa4 43. f7 a1=Q 44. f8=Q Qh1+ 45. Kg6 a3 46. Qxc5 Qe4+ 47. Kf6 a2 48. Qb5+ Kc1 49. Qf1+ Kb2 50. Qb5+ Ka3 51. Qa5+ Kb2 52. Qb5+ 1/2-1/2

[Event "*** Titled Tuesday Blitz"]
[Site "Chess.com"]
[Date "2020.11.10"]
[Round "3"]
[White "A-S-00"]
[Black "Lion-Al-Messi"]
[Result "0-1"]
[WhiteElo "2354"]
[BlackElo "2560"]
[TimeControl "180+1"]
[EndTime "10:31:37 PST"]
[Termination "Lion-Al-Messi won by resignation"]

1. e4 e6 2. d4 d5 3. e5 c5 4. c3 Nc6 5. Nf3 Qb6 6. a3 Nh6 7.
g3 cxd4 8. cxd4 Nf5 9. Nc3 Ncxd4 10.
Nxd4 Qxd4 11. Bb5+ Bd7 12. Qe2 Rd8 13. O-O Bc5 14. Rd1 Qxf2+ 15. Qxf2 Bxf2+ 16. Kxf2 h6 17. g4 Ne7 18. Be3 a6 19. Bxd7+ Rxd7 20. Na4 O-O 21. Bc5 f6 22. Nb6 Rc7 23. Bd6 Rc2+ 24. Kg3 fxe5 25.
Bxe7 Rff2 26. Rf1 Rg2+ 27. Kf3 g5 28. Rac1 Rce2 29. Rc8+ Kh7 30. Bxg5 hxg5 31. Rc7+ Kg6 0-1

[Event "*** Titled Tuesday Blitz"]
[Site "Chess.com"]
[Date "2020.11.10"]
[Round "3"]
[White "zivicd"]
[Black "GMKrikor"]
[Result "0-1"]
[WhiteElo "2248"]
[BlackElo "2796"]
[TimeControl "180+1"]
[EndTime "10:31:37 PST"]
[Termination "GMKrikor won by resignation"]

1. e4 c5 2. Nc3 e6 3. g3 d5 4.
d3 dxe4 5. Nxe4 Nc6 6. Bg2 Be7 7.
f4 Nf6 8. Be3 Nd5 9. Bf2 O-O 10.
Nf3 b6 11. O-O Bb7 12. Re1 Qd7 13. h3 Rad8 14. Qe2 Rfe8 15. a3 h6 16. Rad1 Nf6 17.
g4 Nd5 18. Bg3 f5 19. Ned2 Bd6 20. Ne5 Bxe5 21. fxe5 Nd4 22. Qf2 fxg4 23. Ne4 Rf8 24. Qd2 gxh3 25. Bh1 Nf3+ 26. Bxf3 Rxf3 27. Rf1 Rdf8 28.
Qe2 Qf7 29. Nd6 Rxf1+ 30. Rxf1 Qxf1+ 31. Qxf1 Rxf1+ 32. Kxf1 Bc6 33. Ke2 Ne7 34. c4 g5 35.
Kf2 h5 36. Bh2 g4 37. Bg3 Ng6 38. Kg1 h4 0-1

[Event "*** Titled Tuesday Blitz"]
[Site "Chess.com"]
[Date "2020.11.10"]
[Round "3"]
[White "GothamChess"]
[Black "kirillshevchenko"]
[Result "0-1"]
[WhiteElo "2637"]
[BlackElo "2879"]
[TimeControl "180+1"]
[EndTime "10:31:38 PST"]
[Termination "kirillshevchenko won by resignation"]

1. e4 e5 2. Nc3 Nf6 3. f4 d5 4. fxe5 Nxe4 5. Qf3 Nc6 6. Bb5 Nxc3 7. dxc3 Qh4+ 8. g3 Qe4+ 9. Be3 Be6 10. O-O-O O-O-O 11. Bxc6 bxc6 12. Qxe4 dxe4 13. Rxd8+ Kxd8 14. Bxa7 c5 15. a3 Kc8 16. b4 Kb7 17. Bxc5 Bxc5 18. bxc5 Ra8 19. Ne2 Rxa3 20. Kd2 Ra5 21. Rb1+ Kc6 22.
Ke3 Bd5 23. Nd4+ Kxc5 24. Rb8 Ra3 25. Nb3+ Kc6 26. Kd4 Ra4+ 27. Rb4 Bxb3 28. cxb3 Rxb4+ 29. cxb4 Kb5 30. Kxe4 Kxb4 31. Kd5 Kxb3 32. Kc6 Kc4 33. Kxc7 Kd5 34. Kd7 Kxe5 35. Ke7 f5 36. h4 f4 37. gxf4+ Kxf4 38. Kf7 Kg4 0-1

[Event "*** Titled Tuesday Blitz"]
[Site "Chess.com"]
[Date "2020.11.10"]
[Round "3"]
[White "Mikasinski"]
[Black "HanSchut"]
[Result "1/2-1/2"]
[WhiteElo "2492"]
[BlackElo "2218"]
[TimeControl "180+1"]
[EndTime "10:31:38 PST"]
[Termination "Game drawn by repetition"]

1. e4 c5 2. Nf3 d6 3. d4 cxd4 4.
Nxd4 Nf6 5. Nc3 a6 6. Be2 e5 7. Nf3 Be7 8. Bg5 Be6 9. Bxf6 Bxf6 10. Nd5 Nd7 11. Bc4 b5 12. Bb3 Nc5 13. Nxf6+ gxf6 14. Bd5 Rc8 15. Nh4 Qa5+ 16. c3 b4 17. O-O bxc3 18.
Bxe6 fxe6 19. Qxd6 cxb2 20. Rab1 Qc7 21. Qd1 Ke7 22.
Rxb2 Nxe4 23. Qf3 Ng5 24. Qa3+ Kf7 25. Qxa6 Ra8 26. Qe2 h5 27. Rc2 Qe7 28. Qd3 Rad8 29. Qg6+ Kf8 30. f4 exf4 31. Rcf2 e5 32. Nf5 Qf7 33.
Qxf7+ Kxf7 34. Rb2 Ke6 35. Ng7+ Kf7 36. Nf5 Ke6 37.
Ng7+ Kf7 38. Nf5 1/2-1/2

[Event "*** Titled Tuesday Blitz"]
[Site "Chess.com"]
[Date "2020.11.10"]
[Round "3"]
[White "politeplayer"]
[Black "TST2014"]
[Result "0-1"]
[WhiteElo "2232"]
[BlackElo "2508"]
[TimeControl "180+1"]
[EndTime "10:31:38 PST"]
[Termination "TST2014 won on time"]

1. e4 c5 2. Nf3 Nc6 3. d4 cxd4 4.
Nxd4 Nf6 5. Nc3 d6 6. Bg5 e6 7. Qd2 a6 8. O-O-O Bd7 9. f3 b5 10. Nxc6 Bxc6 11. Ne2 Be7 12. Nd4 Bb7 13. h4 h6 14. Be3 Nd7 15. Nb3 Ne5 16. Na5 Qc7 17. Nxb7 Qxb7 18. Rh3 Rc8 19. g4 h5 20. gxh5 Rxh5 21.
f4 Nc4 22. Bxc4 Rxc4 23. e5 dxe5 24. fxe5 Rxe5 25. Bd4 Rd5 26. Qf2 Qd7 27. Rhd3 e5 28. Bc3 Rxd3 29. Rxd3 Bxh4 30. Qf3 Qc6 31. Qh5 Qh6+ 32.
Qxh6 gxh6 33. Bxe5 Bg5+ 34. Kd1 f5 35. Bc3 b4 36.
Be5 Re4 37. Bc7 Bf4 0-1

[Event "*** Titled Tuesday Blitz"]
[Site "Chess.com"]
[Date "2020.11.10"]
[Round "3"]
[White "anpospan"]
[Black "mbojan"]
[Result "1-0"]
[WhiteElo "2424"]
[BlackElo "2653"]
[TimeControl "180+1"]
[EndTime "10:31:39 PST"]
[Termination "anpospan won by checkmate"]

1. d4 g6 2. Nf3 Bg7 3. e4 d6 4. Be3 Nf6 5. Nc3 O-O 6. Be2 a6 7. h3 b5 8. a3 Bb7 9. e5 Ne4 10. Nxe4 Bxe4 11. O-O Nd7 12. e6 fxe6 13. Ng5 Bd5 14. Bf3 Rxf3 15. gxf3 Nb6 16. b3 Qd7 17. Kh2 Rf8 18. f4 Qc6 19. Qg4 Rf5 20. Rg1 Nd7 21. Nxh7 Be4 22. Qxg6 Rf7 23. Qxe6 Bxh7 24. d5 Qxc2 25. Qxd7 e5 26. Qe8+ Rf8 27. Qe7 Rf7 28.
Qe8+ Rf8 29. Qe6+ Kh8 30. Rxg7 Kxg7 31. Rg1+ Kh8 32. Qe7 Rxf4 33. Qg7# 1-0

[Event "*** Titled Tuesday Blitz"]
[Site "Chess.com"]
[Date "2020.11.10"]
[Round "3"]
[White "juli2512"]
[Black "Lenyas66"]
[Result "1-0"]
[WhiteElo "2087"]
[BlackElo "2461"]
[TimeControl "180+1"]
[EndTime "10:31:40 PST"]
[Termination "juli2512 won by checkmate"]

1. e4 d6 2. d4 Nf6 3. Nc3 e5 4. Nge2 Nbd7 5. h3 c6 6. a4 Be7 7. g4 Qc7 8. Bg2 Nf8 9. O-O h5 10. g5 N6h7 11. f4 exf4 12. Bxf4 Nxg5 13. Qd3 Ng6 14.
Bh2 h4 15. Rae1 Ne6 16. d5 Nc5 17. Qf3 Bf6 18. Kh1 Ne5 19. Qf2 Qe7 20. Nd4 Bd7 21. b4 Na6 22. dxc6 bxc6 23. b5 Nc5 24. bxc6 Bc8 25. Nd5 Qd8 26. c7 Qd7 27. Nxf6+ gxf6 28. Qxf6 O-O 29. Nf5 Ne6 30. Bxe5 dxe5 31. Nh6+ Kh7 32.
Ng4 Rh8 33. Qh6+ Kg8 34. Nf6# 1-0

[Event "*** Titled Tuesday Blitz"]
[Site "Chess.com"]
[Date "2020.11.10"]
[Round "3"]
[White "xLuring1"]
[Black "shnitez"]
[Result "1-0"]
[WhiteElo "2337"]
[BlackElo "2518"]
[TimeControl "180+1"]
[EndTime "10:31:42 PST"]
[Termination "xLuring1 won on time"]

1. e4 c5 2. Nf3 e6 3. d4 cxd4 4. Nxd4 a6 5. Nc3 b5 6. a3 Bb7 7. Bd3 d6 8. O-O Nf6 9. f4 Nbd7 10. Be3 g6 11. Qe2 Bg7 12. Rad1 O-O 13. Nb3 Qc7 14.
Kh1 Rac8 15. Qe1 Nb6 16. f5 gxf5 17. exf5 e5 18. Qh4 d5 19. Bg5 Nbd7 20. Rf3 e4 21. Rg3 Kh8 22. Be2 Rg8 23. Nd4 Qe5 24.
Bf4 Qe7 25. Rh3 Bf8 26. g4 Rg7 27. g5 Ng8 28. f6 Ndxf6 29. Nf5 Qe6 30. Nxg7 Bxg7 31.
gxf6 Nxf6 32. Bg5 Kg8 33. Bxf6 Qxf6 34. Qxh7+ Kf8 35. Rf1 Qe5 36. Rh5 d4 37. Rxe5 e3+ 38.
Kg1 1-0

[Event "*** Titled Tuesday Blitz"]
[Site "Chess.com"]
[Date "2020.11.10"]
[Round "3"]
[White "ShcufNaiRolf"]
[Black "MIJuanReyesRosa"]
[Result "1-0"]
[WhiteElo "2337"]
[BlackElo "2135"]
[TimeControl "180+1"]
[EndTime "10:31:42 PST"]
[Termination "ShcufNaiRolf won on time"]

1. e4 c5 2. Nf3 e6 3. g3 Nc6 4.
Bg2 d6 5. O-O Nf6 6. Re1 Qc7 7.
c3 Be7 8. d4 cxd4 9. cxd4 d5 10. Nc3 Nxe4 11. Nxe4 dxe4 12. Rxe4 O-O 13. Qc2 Bd7 14.
Bg5 Bd6 15. Rh4 g6 16. Bf6 Nb4 17. Qxc7 Bxc7 18. Be7 Nc2 19. Rc1 Nxd4 20. Nxd4 Rfc8 21. Nb3 Be5 22. Rhc4 Bxb2 23. Rxc8+ Rxc8 24. Rxc8+ Bxc8 25. Nc5 b6 26. Ne4 f5 27. Nd6 Ba6 28. Bf1 Bxf1 29. Kxf1 Bd4 30. Ke2 1-0

[Event "*** Titled Tuesday Blitz"]
[Site "Chess.com"]
[Date "2020.11.10"]
[Round "3"]
[White "TheKingDoctor"]
[Black "MarceloPlaya"]
[Result "1-0"]
[WhiteElo "2147"]
[BlackElo "2296"]
[TimeControl "180+1"]
[EndTime "10:31:45 PST"]
[Termination "TheKingDoctor won on time"]

1. e4 e6 2. d4 d5 3. exd5 exd5 4. c4 Nf6 5. Nc3 Bd6 6. Nf3 O-O 7. Bd3 dxc4 8.
Bxc4 Re8+ 9. Be3 Ng4 10. O-O Nxe3 11. fxe3 Rxe3 12. Bxf7+ Kh8 13. Qd2 Bf4 14. Ne5 Qh4 15.
Rxf4 Qxf4 16. Rf1 Qh6 17. Nd5 Rxe5 18. Qxh6 gxh6 19. dxe5 Nc6 20. Nxc7 Rb8 21. e6 Ne7 22. Rd1 Kg7 23. Rd8 Kf6 24. Ne8+ Ke5 25. Nd6 b5 26.
Nxc8 Rxc8 27. Rxc8 Nxc8 28. Kf2 Ne7 29. Kg3 Kf6 30.
Kf4 Nc6 31. Ke4 Nd8 32. Kd5 Ke7 33. Kc5 a6 34. Kb6 Nxe6 35. Bxe6 Kxe6 36. Kxa6 Ke5 37. Kxb5 h5 38. a4 h4 39. a5 Kd6 40. Kb6 1-0

[Event "*** Titled Tuesday Blitz"]
[Site "Chess.com"]
[Date "2020.11.10"]
[Round "3"]
[White "horripile"]
[Black "SantoBlue"]
[Result "0-1"]
[WhiteElo "2667"]
[BlackElo "2915"]
[TimeControl "180+1"]
[EndTime "10:31:46 PST"]
[Termination "SantoBlue won by resignation"]

1. e4 d6 2. d4 Nf6 3. Nc3 e5 4.
Nf3 Nbd7 5. Bc4 Be7 6. O-O O-O 7. a4 c6 8. Re1 h6 9. b3 Re8 10. Bb2 Bf8 11. Qd2 Nb6 12. Bf1 Bg4 13. a5 Nbd7 14. Be2 Qc7 15. h3 Bh5 16. Nh4 Bxe2 17.
Rxe2 g6 18. Nf3 Rad8 19. d5 Nh5 20. g3 Qc8 21. a6 c5 22. axb7 Qxb7 23. Qd3 Nb8 24.
Qb5 Qe7 25. Ra4 Qf6 26. Qd3 Nd7 27. Nd2 Qg5 28. Kh2 f5 29. Rxa7 Nhf6 30. Qf3 h5 31. h4 Qg4 32. Kg2 f4 33. Nc4 g5 34.
hxg5 Qxg5 35. Bc1 h4 36. Kh3 hxg3 37. fxg3 Re7 38. Kg2 Rg7 39. Nb5 Nh5 40. g4 Qh4 41.
Kf1 Ng3+ 42. Ke1 Rxg4 43. Nbxd6 Nxe2+ 44. Kxe2 Qh2+ 0-1

[Event "*** Titled Tuesday Blitz"]
[Site "Chess.com"]
[Date "2020.11.10"]
[Round "3"]
[White "Zarikovs1999"]
[Black "arminmusovic"]
[Result "0-1"]
[WhiteElo "2360"]
[BlackElo "2565"]
[TimeControl "180+1"]
[EndTime "10:31:46 PST"]
[Termination "arminmusovic won by resignation"]

1. e4 c6 2. d4 d5 3. Nc3 dxe4 4. Nxe4 Nf6 5. Nxf6+ exf6 6. c3 Bd6 7. Bd3 O-O 8.
Ne2 Re8 9. Qc2 Kh8 10. Be3 Nd7 11. O-O-O Nf8 12. h4 Qc7 13. h5 Bg4 14. h6 g6 15.
Kb1 c5 16. dxc5 Bxc5 17. Nd4 Bxd1 18. Rxd1 a6 19. g4 Rad8 20. g5 Rxe3 21. fxe3 fxg5 22. Qf2 Qe7 23. Rf1 f5 24. Qg3 Bd6 25. Qf3 Re8 26. Ka1 g4 27. Qd5 g3 28. Bxf5 gxf5 29. Nxf5 Qe5 30.
Qxd6 Qxd6 31. Nxd6 g2 32. Rg1 Rxe3 33. Kb1 Re2 34. Nc4 Ng6 35. Kc1 Nf4 36. Kd1 Rf2 37. Ke1 Nd3+ 38. Kd1 Nxb2+ 39. Nxb2 Rxb2 40. Ke1 Kg8 0-1

[Event "*** Titled Tuesday Blitz"]
[Site "Chess.com"]
[Date "2020.11.10"]
[Round "3"]
[White "Ashedu66"]
[Black "MPGM"]
[Result "0-1"]
[WhiteElo "2229"]
[BlackElo "2464"]
[TimeControl "180+1"]
[EndTime "10:31:48 PST"]
[Termination "MPGM won on time"]

1. d4 d5 2. c4 e6 3. Nc3 c5 4. e3 Nf6 5. Nf3 a6 6. dxc5 Bxc5 7. cxd5 exd5 8. Be2 O-O 9. O-O Nc6 10. b3 d4 11.
Na4 Ba7 12. exd4 Nxd4 13. Nxd4 Bxd4 14. Ba3 Bxa1 15. Bxf8 Qxd1 16. Rxd1 Kxf8 17. Rxa1 Be6 18. Nc5 Bd5 19. Rd1 Rc8 20. b4 a5 21. a3 axb4 22.
axb4 b6 23. Nd3 Rc2 24. Bf1 Bb3 25. Rc1 Rxc1 26. Nxc1 Bd5 27. f3 Ke7 28. Kf2 Kd6 29. Ke3 Bc6 30. Kd4 Nd5 31. Na2 f6 32. Bc4 g5 33. Bxd5 Bxd5 34. Nc3 Bc6 35. Ne4+ Ke6 36. Nc3 h5 37. Ne4 h4 38. h3 Kf5 0-1